 Dungeon Crawl Stone Soup version 0.23.1 (webtiles) character file.

Game seed: 3343897005147358256

559 Borgoz the Sneak (level 7, -1/56 HPs)
             Began as a Ghoul Enchanter on Mar 14, 2019.
             Slain by Natasha (8 damage)
             ... on level 4 of the Dungeon.
             The game lasted 00:06:56 (3375 turns).

Borgoz the Sneak (Ghoul Enchanter)                  Turns: 3375, Time: 00:06:57

Health: -1/56      AC:  3    Str: 12    XL:     7   Next: 31%
Magic:  8/8        EV: 16    Int: 10    God:
Gold:   131        SH:  0    Dex: 11    Spells: 3/9 levels left

rFire    . . .     SeeInvis .   g - +1 dagger (elec)
rCold    + . .     Gourm    .   (no shield)
rNeg     + + +     Faith    .   b - +0 robe
rPois    ∞         Spirit   .   m - +0 helmet
rElec    .         Reflect  .   (no cloak)
rCorr    .         Harm     .   (no gloves)
MR       .....                  (no boots)
Stlth    ++........             (no amulet)
HPRegen  0.00/turn              f - ring of attention (curse)
MPRegen  0.11/turn              j - +3 ring of evasion

@: rotting
A: rotting body, claws 1, carnivore, cold resistance 1, negative energy
resistance 3, inhibited regeneration, torment resistance, unbreathing
a: no special abilities


You were on level 4 of the Dungeon.
You were not hungry.

You visited 1 branch of the dungeon, and saw 4 of its levels.

You collected 131 gold pieces.

Inventory:

Hand Weapons
 c - a +2 dagger of speed
 g - a +1 dagger of electrocution (weapon)
Missiles
 k - 7 curare-tipped needles
 o - 11 tomahawks (quivered)
Armour
 b - a +0 robe (worn)
 m - a +0 helmet (worn)
Jewellery
 f - a cursed ring of attention (left claw)
 j - a +3 ring of evasion (right claw)
 l - an uncursed ring of resist corrosion
Wands
 q - a wand of clouds (7)
Scrolls
 a - a scroll of fear {unknown}
 e - 3 scrolls of identify
 i - 2 scrolls of remove curse {unknown}
Potions
 n - a potion of lignification {unknown}
 p - a potion of ambrosia {unknown}
Comestibles
 d - 9 rations


   Skills:
 + Level 2.5 Fighting
 * Level 3.5 Short Blades
 * Level 3.2 Armour
 * Level 3.7 Dodging
 + Level 4.4 Stealth
 - Level 1.7 Spellcasting
 - Level 2.4 Hexes


You had 3 spell levels left.
You knew the following spells:

 Your Spells              Type           Power        Failure   Level  Hunger
a - Corona                Hex            #......      12%         1    ##.....
b - Ensorcelled Hibernat  Hex/Ice        #.....       30%         2    ###....
c - Confuse               Hex            #.......     34%         3    ####...

Your spell library contained the following spells:

 Spells                   Type           Power        Failure   Level  Hunger
 Confusing Touch          Hex            #.....       12%         1    ##.....
 Slow                     Hex            #.......     19%         2    ###....
 Animate Skeleton         Necr           N/A          32%         1    ##.....
 Apportation              Tloc           #.....       32%         1    ##.....
 Magic Dart               Conj           #...         32%         1    ##.....
 Summon Small Mammal      Summ           #...         32%         1    ##.....
 Tukima's Dance           Hex            #.......     34%         3    ####...
 Blink                    Tloc           N/A          43%         2    ###....
 Call Imp                 Summ           #.......     43%         2    ###....
 Dazzling Spray           Conj/Hex       #.....       52%         3    ####...
 Conjure Flame            Conj/Fire      #.......     67%         3    ####...
 Mephitic Cloud           Conj/Pois/Air  #.......     67%         3    ####...


Dungeon Overview and Level Annotations

Branches:
Dungeon (4/15)
 Temple: D:4-7

Altars:
Fedhas
Trog
Yredelemnul

Annotations:
D:4 Natasha


Innate Abilities, Weirdness & Mutations

Your body is rotting away.
You thrive on raw meat.
You are immune to poison.
You have sharp fingernails.
You are carnivorous and can eat meat at any time.
Your flesh is cold resistant. (rC+)
You are immune to negative energy. (rN+++)
You do not regenerate when monsters are visible.
You are immune to unholy pain and torment.
You can survive without breathing.


Message History

The crimson imp hits you but does no damage.
Something claws you!
* * * LOW HITPOINT WARNING * * *
Eat one of 2 chunks of flesh? (ye/n/q)
You eat one of the 2 chunks of flesh.
This raw flesh tastes great!
The white imp disappears in a puff of smoke!
The crimson imp hits you but does no damage.
Something barely misses you.
Unknown command.
Eat a chunk of flesh? (ye/n/q)
You eat the chunk of flesh.
This raw flesh tastes great!
The crimson imp misses you. Something claws you.
* * * LOW HITPOINT WARNING * * *
Okay, then.
You closely miss something. The crimson imp hits you.
* * * LOW HITPOINT WARNING * * *
You closely miss something. Something closely misses you.
You barely miss something. The crimson imp closely misses you.
Something claws you!
You die...

#.....# ## #.....#
#.....# # #.....#
# ##. #.....####.#
#...##......)...#
#..)...(.....###
#...##.)).{##.####
.....
#....@5...... ....
#....###.##### ###
#.....# .# #.....#
# #.#.... #.......
#.###.#..


You could see a crimson imp.

Vanquished Creatures
  Sigmund (D:2)
  An ogre (D:4)
  2 orc wizards (D:4)
  An orc priest (D:4)
  Natasha (D:4)
  Terence (D:2)
  A hound skeleton (D:4)
  Robin (D:2)
  5 adders
  An ooze (D:2)
  4 worms
  2 dart slugs
  2 leopard geckos
  6 orcs
  4 giant cockroaches
  5 goblins
  13 hobgoblins
  8 jackals (D:3)
  A ball python (D:3)
  9 bats
  2 frilled lizards (D:1)
  10 kobolds
  6 rats
87 creatures vanquished.

Notes
Turn   | Place    | Note
-------+----------+-------------------------------------------
     0 | D:1      | Borgoz the Ghoul Enchanter began the quest for the Orb.
     0 | D:1      | Reached XP level 1. HP: 14/14 MP: 2/2
   239 | D:1      | Reached skill level 1 in Short Blades
   437 | D:1      | Reached XP level 2. HP: 13/20 MP: 3/3
   443 | D:1      | HP: 1/20 [kobold/+1 dagger of electrocution (18)]
  1215 | D:2      | Found a blossoming altar of Fedhas.
  1216 | D:2      | Found a basalt altar of Yredelemnul.
  1218 | D:2      | Reached skill level 1 in Armour
  1218 | D:2      | Reached XP level 3. HP: 27/27 MP: 4/4
  1225 | D:2      | Found a bloodstained altar of Trog.
  1282 | D:2      | Reached skill level 1 in Fighting
  1345 | D:2      | Noticed Sigmund
  1358 | D:2      | Reached XP level 4. HP: 24/35 MP: 5/5
  1366 | D:2      | Killed Sigmund
  1366 | D:2      | Reached skill level 4 in Stealth
  1366 | D:2      | Reached XP level 5. HP: 41/41 MP: 4/6
  1459 | D:2      | Noticed Robin
  1460 | D:2      | Reached XP level 6. HP: 48/48 MP: 7/7
  1463 | D:2      | Killed Robin
  1568 | D:2      | Noticed Terence
  1572 | D:2      | Killed Terence
  2300 | D:3      | Learned a level 2 spell: Ensorcelled Hibernation
  2304 | D:3      | Learned a level 3 spell: Confuse
  2814 | D:4      | Reached XP level 7. HP: 38/56 MP: 8/8
  2981 | D:4      | Noticed Natasha
  2993 | D:4      | Killed Natasha
  3348 | D:4      | Noticed Natasha
  3375 | D:4      | Slain by Natasha

Skill      XL: |  1  2  3  4  5  6 |
---------------+-------------------+-----
Short Blades   | 1 2 3 |  3.5
Dodging        | 2 3 |  3.7
Armour         | 1 2 3 |  3.2
Fighting       | 1 2 |  2.5
Stealth        | 4 |  4.4
Spellcasting   | |  1.7
Hexes          | |  2.4

Action                   |  1- 3 |  4- 6 |  7- 9 || total
-------------------------+-------+-------+-------++-------
Melee: Dagger            |    83 |   132 |    55 ||   270
 Cast: Corona            |     1 |     1 |       ||     2
       Ensorcelled Hiber |       |       |     1 ||     1
  Use: Scroll            |     3 |       |       ||     3
       Potion            |     1 |     3 |     1 ||     5
 Stab: Sleeping          |     1 |     2 |       ||     3
       Distracted        |       |     2 |       ||     2
  Eat: Chunk             |     8 |     8 |     6 ||    22
Armor: Robe              |    25 |    22 |     7 ||    54
Dodge: Dodged            |    68 |    98 |    45 ||   211
